 Dungeon Crawl Stone Soup version 0.28-a0-1518-gbe868bca14 (webtiles) character file.

Game seed: 6888161459247722292

23 anonymouscript the Vexing (level 2, -5/19 HPs)
             Began as a Demonspawn Enchanter on Jan 17, 2022.
             Slain by a water moccasin skeleton (6 damage)
             ... on level 2 of the Dungeon.
             The game lasted 00:05:52 (1378 turns).

anonymouscript the Vexing (Demonspawn Enchanter)    Turns: 1378, Time: 00:05:53

Health: -5/19      AC:  2    Str:  8    XL:     2   Next: 75%
Magic:  5/5        EV: 12    Int: 22    God:
Gold:   15         SH:  0    Dex: 13    Spells: 3/5 levels left

rFire   . . .      SeeInvis .   a - +1 dagger
rCold   . . .      Faith    .   (no shield)
rNeg    . . .      Spirit   .   b - +0 robe
rPois   .          Reflect  .   (no helmet)
rElec   .          Harm     .   (no cloak)
rCorr   .          Rampage  .   (no gloves)
Will    .....                   (no boots)
Stlth   ++........              (no amulet)
HPRegen 0.06/turn               e - +6 ring of intelligence
MPRegen 0.09/turn               (no ring)

@: no status effects
A: hooves 1
a: no special abilities


You were on level 2 of the Dungeon.
You visited 1 branch of the dungeon, and saw 2 of its levels.

You collected 15 gold pieces.

Inventory:

Hand Weapons
 a - a +1 dagger (weapon)
Armour
 b - a +0 robe (worn)
Jewellery
 e - a +6 ring of intelligence (left hand)
Scrolls
 c - a scroll of noise {unknown}
 g - a scroll of amnesia {unknown}
 h - a scroll of identify {unknown}
 j - a scroll of enchant weapon {unknown}
Potions
 d - a potion of heal wounds {unknown}
 f - a potion of flight {unknown}
 i - a potion of curing {unknown}
 k - a potion of attraction {unknown}


   Skills:
 + Level 1.3 Short Blades
 + Level 2.0 Dodging
 + Level 3.0 Stealth
 + Level 2.0 Spellcasting
 + Level 3.3 Hexes


You had 3 spell levels left.
You knew the following spells:

 Your Spells              Type           Power      Damage    Failure   Level
a - Ensorcelled Hibernat  Hex/Ice        18%        N/A       11%         2

Your spell library contained the following spells:

 Spells                   Type           Power      Damage    Failure   Level
 Confusing Touch          Hex            16%        N/A       11%         3
 Tukima's Dance           Hex            16%        N/A       11%         3
 Dazzling Flash           Conj/Hex       18%        N/A       21%         3


Dungeon Overview and Level Annotations

Branches:
Dungeon (2/15)

Altars:
Qazlal


Innate Abilities, Weirdness & Mutations

You have large cloven feet.


Message History

Your kick misses the water moccasin skeleton.
The water moccasin skeleton is lightly damaged.
The water moccasin skeleton bites you.
You hit the water moccasin skeleton.
The water moccasin skeleton is lightly damaged.
The water moccasin skeleton closely misses you.
You closely miss the water moccasin skeleton.
Your kick misses the water moccasin skeleton.
The water moccasin skeleton is lightly damaged.
The water moccasin skeleton bites you.
You hit the water moccasin skeleton but do no damage.
You kick the water moccasin skeleton, but do no damage.
The water moccasin skeleton is lightly damaged.
The water moccasin skeleton bites you.
You hit the water moccasin skeleton but do no damage.
Your kick misses the water moccasin skeleton.
The water moccasin skeleton is lightly damaged.
The water moccasin skeleton bites you.
The water moccasin skeleton closely misses you.
Casting: Ensorcelled Hibernation (safe; 11% risk of failure)
Confirm with . or Enter, or press ? or * to list all spells.
You don't know that spell.
Casting: Ensorcelled Hibernation (safe; 11% risk of failure)
Confirm with . or Enter, or press ? or * to list all spells.
You can't see any susceptible monsters within range! (Use Z to cast anyway.)
The water moccasin skeleton completely misses you.
You hit the water moccasin skeleton.
Your kick misses the water moccasin skeleton.
The water moccasin skeleton is lightly damaged.
The water moccasin skeleton barely misses you.
You see here a ball python corpse.
You hit the water moccasin skeleton.
The water moccasin skeleton is moderately damaged.
The water moccasin skeleton bites you.
You hit the water moccasin skeleton. You kick the water moccasin skeleton.
The water moccasin skeleton is moderately damaged.
The water moccasin skeleton bites you.
* * * LOW HITPOINT WARNING * * *
The water moccasin skeleton bites you.
You die...

#......####.#.......
##......#........####
#>........###.#....
#.......##....#.#..
###..#### #### ..
##.### #...###.#
####......#
#####†Z@..###...
#.....##....#
##.#######..# #.##
#.... #..##########.
##.#$....## .
#......... ###.....##
.....#


You could see a water moccasin skeleton.

Vanquished Creatures
  2 dart slugs (D:1)
  A ball python (D:2)
  2 bats (D:1)
  2 endoplasms (D:1)
  2 hobgoblins (D:1)
  2 jackals (D:1)
  2 frilled lizards
  3 kobolds
  A rat (D:2)
17 creatures vanquished.

Vanquished Creatures (others)
  A plant (D:2)
1 creature vanquished.

Grand Total: 18 creatures vanquished

Notes
Turn   | Place    | Note
-------+----------+-------------------------------------------
     0 | D:1      | anonymouscript the Demonspawn Enchanter began the quest for
                  | the Orb.
     0 | D:1      | Reached XP level 1. HP: 13/13 MP: 3/3
     6 | D:1      | Noticed a water moccasin
     6 | D:1      | Noticed a black bear
     6 | D:1      | Noticed a rime drake
     7 | D:1      | Noticed a killer bee
     7 | D:1      | Noticed a snapping turtle
   358 | D:1      | Gained mutation: You have large cloven feet. [demonic
                  | ancestry]
   358 | D:1      | Reached XP level 2. HP: 19/19 MP: 5/5
   405 | D:1      | Reached skill level 1 in Short Blades
   417 | D:1      | Learned a level 2 spell: Ensorcelled Hibernation
  1192 | D:2      | Found a faded altar of an unknown god.
  1214 | D:2      | Prayed at the altar of an unknown god.
  1214 | D:2      | Became a worshipper of Qazlal Stormbringer
  1214 | D:2      | Reached * piety under Qazlal
  1219 | D:2      | Fell from the grace of Qazlal
  1378 | D:2      | Slain by a water moccasin skeleton

Illustrated notes

Levels and vault maps discovered:
D:1:      onia_arrival_zoo_common, layout_loops_ring
D:2:      layout_rooms, dreamdust_ecumenical_altar_grove, serial_shops, shop,
          shop, nicolae_shop_trees, nicolae_shop_temple_entry_statues_fountains,
          nicolae_lakefront_shop, uniq_jessica

Skill      XL: |  1  2 |
---------------+-------+-----
Stealth        | 3 |  3.0
Short Blades   | 1 |  1.3
Dodging        | 2 |  2.0
Spellcasting   | |  2.0
Hexes          | |  3.3

Action                   || total
-------------------------++-------
Melee: Dagger            ||    78
       Kick              ||    14
 Cast: Ensorcelled Hiber ||     2
Invok: Renounce Religion ||     1
  Use: Potion            ||     1
 Stab: Sleeping          ||     4
Armor: Robe              ||    12
Dodge: Dodged            ||    61

Table legend: (Time is in decaauts)
 A = Elapsed time spent in this place.
 B = Non-inter-level travel time spent in this place.
 C = Inter-level travel time spent in this place.
 D = Time resting spent in this place.
 E = Time spent auto-exploring this place.
 F = Levels seen in this place.
 G = Mean time per level.
                   A        B        C        D        E       F      G
               +--------+--------+--------+--------+--------+-----+--------+
         Total |   1373 |   1373 |      0 |    788 |    267 |   2 |  686.5 |
       Dungeon |   1373 |   1373 |      0 |    788 |    267 |   2 |  686.5 |
               +--------+--------+--------+--------+--------+-----+--------+

Top non-repeatable levels by time:
     D:1: 1144 daAuts
     D:2: 228 daAuts
